 Dungeon Crawl Stone Soup version 0.16-a0-3724-gf14d081 (webtiles) character file.

34 vatarom the Changer (level 3, 0/31 HPs)
             Began as a Naga Transmuter on Jan 21, 2015.
             Slain by a gnoll
             ... wielding a +0 spear
              (6 damage)
             ... on level 2 of the Dungeon.
             The game lasted 00:04:31 (976 turns).

vatarom the Changer (Naga Transmuter)                Turns: 976, Time: 00:04:31

Health: 0/31       AC:  3    Str: 12    XL:     3   Next: 31%
Magic:  6/6        EV: 10    Int: 13    God:
Gold:   31         SH:  0    Dex: 12    Spells: 1 memorised, 5 levels left

rFire  . . .     SeeInvis +     h - +3 short sword
rCold  . . .     Clarity  .     c - +0 robe
rNeg   . . .     SustAb   .     (no shield)
rPois  +         Gourm    .     (no helmet)
rElec  .         Spirit   .     m - +0 cloak
rCorr  .         Warding  .     (no gloves)
rMut   .         Stasis   .     (no barding)
MR     .....                    (no amulet)
Stlth  +.........               (no ring)
                                (no ring)

@: very slow, not resistant to hostile enchantments, very unstealthy
A: spit poison, see invisible, deformed body, poison resistance, slowness 2, AC
+1
a: Spit Poison


You were on level 2 of the Dungeon.
You were not hungry.

You visited 1 branch of the dungeon, and saw 2 of its levels.

You collected 31 gold pieces.

Inventory:

Hand weapons
 h - a +3 short sword (weapon)
Missiles
 b - 32 arrows
 f - 17 arrows of frost
Armour
 c - a +0 robe (worn)
 m - a +0 cloak (worn)
Jewellery
 i - an uncursed amulet of resist mutation
Scrolls
 g - a scroll of teleportation
 k - 2 scrolls of remove curse
Potions
 e - 2 potions of might
Books
 d - a book of Changes

   Spells                             Type                      Level
   a - Beastly Appendage              Transmutation                1
   b - Sticks to Snakes               Transmutation                2
   c - Spider Form                    Transmutation/Poison         3
   d - Ice Form                       Ice/Transmutation            4
   e - Blade Hands                    Transmutation                5
Comestibles
 a - a bread ration
 j - a meat ration
 l - 3 fruits


   Skills:
 - Level 1.0 Fighting
 - Level 1.5 Dodging
 - Level 3.0 Unarmed Combat
 - Level 2.0 Spellcasting
 + Level 3.6 Transmutations


You had 5 spell levels left.
You knew the following spells:

 Your Spells              Type           Power        Failure   Level  Hunger
a - Beastly Appendage     Trmt           ##....       8%          1    ##.....


Dungeon Overview and Level Annotations

Branches:
Dungeon (2/15)

Altars:


Innate Abilities, Weirdness & Mutations

You cannot wear boots.
You can spit poison.
Your serpentine skin is tough (AC +1).
You have supernaturally acute eyesight.
Armour fits poorly on your strangely shaped body.
Your system is resistant to poisons.
You cover ground very slowly.


Message History

You see here a stone. 2 gnolls come into view.
The gnoll shouts! x2
The kobold throws a stone.
The stone hits you but does no damage.
You see here a stone.
The gnoll hits you from afar with a spear.
The gnoll closely misses you. The gnoll hits you with a spear!
The gnoll hits you but does no damage. The gnoll barely misses you.
You closely miss the gnoll. The gnoll hits you with a spear!
* * * LOW HITPOINT WARNING * * *
The gnoll hits you but does no damage. The kobold hits you but does no damage.
The gnoll closely misses you. x2
You are too injured to fight recklessly!
You are too injured to fight recklessly!
You are too injured to fight recklessly!
You are too injured to fight recklessly!
Unknown command.
The gnoll closely misses you. The gnoll barely misses you.
The gnoll hits you from afar with a spear.
You die...

. ##. #.. #..# #..#
##..# #..# ##..#####
#...# ##.......#
#.#.g##+##..#.....####
#...gK@(((.##........#
#..##g##%##.##.....##.#
#. #.##........##.# ..
..############.##
.##.############.....
#. .# #.....#....... .
.# #.....#......# #
#.....)...#...
#.....#.....>.


You could see 3 gnolls and a kobold.

Vanquished Creatures
  A giant gecko (D:1)
  A ball python (D:2)
  4 bats (D:1)
  2 giant cockroaches
  5 hobgoblins
  5 kobolds
  A quokka (D:2)
  3 giant newts (D:1)
  4 goblins
  7 rats (D:1)
33 creatures vanquished.

Notes
Turn   | Place    | Note
--------------------------------------------------------------
     0 | D:1      | vatarom, the Naga Transmuter, began the quest for the Orb.
     0 | D:1      | Reached XP level 1. HP: 18/18 MP: 3/3
   287 | D:1      | Reached XP level 2. HP: 22/25 MP: 4/4
   604 | D:1      | Reached XP level 3. HP: 31/31 MP: 6/6
   976 | D:2      | Slain by a gnoll

Action                   || total
-------------------------++-------
Melee: Unarmed           ||    28
       Short sword       ||    63
 Abil: Spit Poison       ||     3
  Use: Scroll            ||     3
       Potion            ||     3
